 Dungeon Crawl Stone Soup version 0.32-a0-128-g77eb882913 (webtiles) character file.

Game seed: 8440339954962774466

2297 pokeman the Thaumaturge (level 9, -3/47 (51) HPs)
             Began as a Deep Elf Hedge Wizard on Feb 7, 2024.
             Slain by a wight
             ... wielding a +2 war axe
              (11 damage)
             ... on level 5 of the Dungeon.
             The game lasted 00:20:47 (7397 turns).

pokeman the Thaumaturge (Deep Elf Hedge Wizard)     Turns: 7397, Time: 00:20:48

HP:   -3/47 (51)    AC:  5    Str:  7    XL:     9   Next: 17%
MP:   16/26         EV: 13    Int: 24    God:
Gold: 111           SH:  0    Dex: 14    Spells: 23/31 levels left

rFire   . . .        k - +2 dagger (elec)
rCold   . . .        (no shield)
rNeg    . . .        a - +1 robe {Will+}
rPois   .            c - +0 hat
rElec   .            q - +0 cloak {Will+}
rCorr   .            r - +0 pair of gloves
SInv    .            (no boots)
Will    ++...        (no amulet)
Stlth   ++           (no ring)
HPRegen 0.27/turn    (no ring)
MPRegen 0.20/turn

%: no passive effects
@: studying Invocations, drained
A: no striking features
a: no special abilities


You were on level 5 of the Dungeon.
You visited 1 branch of the dungeon, and saw 6 of its levels.
You also visited: Ossuary.

You collected 321 gold pieces.
You spent 210 gold pieces at shops.

Inventory:

Hand Weapons
 k - a +2 dagger of electrocution (weapon)
 y - a +0 dagger of venom
Missiles
 n - 3 throwing nets
Armour
 a - a +1 robe of willpower (worn)
 c - a +0 hat (worn)
 q - a +0 cloak of willpower (worn)
 r - a +0 pair of gloves (worn)
 D - a +0 buckler
Wands
 B - a wand of flame (29)
 C - a wand of acid (10)
Scrolls
 e - 2 scrolls of poison {unknown}
 f - 3 scrolls of enchant weapon {unknown}
 g - a scroll of fog {unknown}
 h - 2 scrolls of blinking {unknown}
 i - 2 scrolls of torment {unknown}
 l - 10 scrolls of teleportation
 o - 8 scrolls of identify
 p - a scroll of immolation {unknown}
 s - 2 scrolls of revelation {unknown}
 t - 2 scrolls of enchant armour {unknown}
 u - a scroll of vulnerability {unknown}
 A - a scroll of fear {unknown}
Potions
 b - 2 potions of mutation {unknown}
 d - a potion of magic
 j - 2 potions of berserk rage {unknown}
 m - 5 potions of curing {unknown}
 v - a potion of enlightenment {unknown}
 w - 2 potions of resistance {unknown}
 x - a potion of ambrosia {unknown}
 z - a potion of might {unknown}


   Skills:
 + Level 3.4 Fighting
 - Level 3.0 Armour
 - Level 3.0 Dodging
 - Level 3.1 Stealth
 * Level 11.8 Spellcasting
 + Level 6.5 Conjurations
 - Level 1.1 Summonings
 - Level 1.1 Translocations
 - Level 1.0 Air Magic
 - Level 1.1 Alchemy


You had 23 spell levels left.
You knew the following spells:

 Your Spells              Type           Power      Damage    Failure   Level
a - Magic Dart            Conj           100%       1d8       1%          1
b - Mephitic Cloud        Conj/Alch/Air  28%        N/A       4%          3
c - Call Imp              Summ           38%        N/A       4%          2
d - Blink                 Tloc           38%        N/A       4%          2

Your spell library contained the following spells:

 Spells                   Type           Power      Damage    Failure   Level
 Slow                     Hex            56%        N/A       4%          1
 Cigotuvi's Dreadful Rot  Necr/Alch/Air  34%        N/A       4%          2
 Ozocubu's Armour         Ice            14%        N/A       13%         3
 Metabolic Englaciation   Hex/Ice        7%         N/A       77%         5
 Sculpt Simulacrum        Ice/Alch       8%         N/A       99%         6


Dungeon Overview and Level Annotations

Branches:
Dungeon (6/15)            Ossuary (visited)
 Temple: D:4-7

Altars:
Qazlal
Trog
Wu Jian

Shops:
D:3 :   D:5 ?


Message History

You hit the wight but do no damage.
The wight is severely damaged.
The wight barely misses you.
The wight barely misses your cerulean imp.
Your cerulean imp hits the wight but does no damage.
Unknown command.
You closely miss the wight.
The wight is severely damaged.
The wight hits you with a +2 war axe!
The wight closely misses your cerulean imp.
Your cerulean imp hits the wight but does no damage.
Unknown command.
You closely miss the wight.
The wight is severely damaged.
The wight hits you with a +2 war axe.
The wight hits your cerulean imp with a +2 war axe!
Your cerulean imp dies!
Your cerulean imp disappears in a puff of smoke!
Unknown command.
Casting: Magic Dart (safe; 1% risk of failure)
Confirm with . or Enter, or press ? or * to list all spells.
Aiming: Magic Dart (safe; 1% risk of failure)
Press: ? - help, Shift-Dir - straight line, f/p - wight
Aim: a wight, wielding a +2 war axe and wearing a +0 robe (severely damaged, 100% to hit)
The magic dart hits the wight but does no damage.
The wight is severely damaged.
The wight hits you with a +2 war axe!
* * * LOW HITPOINT WARNING * * *
You feel drained.
* * * LOW HITPOINT WARNING * * *
Casting: Magic Dart (safe; 1% risk of failure)
Confirm with . or Enter, or press ? or * to list all spells.
Aiming: Magic Dart (safe; 1% risk of failure)
Press: ? - help, Shift-Dir - straight line, f/p - wight
Aim: a wight, wielding a +2 war axe and wearing a +0 robe (severely damaged, 100% to hit)
The magic dart hits the wight but does no damage.
The wight is severely damaged.
You feel ready to blink again. The wight hits you with a +2 war axe!
You die...

#.######.# #.# ######..
#.# #.# #.# #.......
#.# #.# #.# #.#####.
#.# ####.# #.# #.# #.
#.# #....# #.# #.# #.
#.# #.#..# #.# #.# #.
#.#
#...#######.#########.#
#. #.#
##.#.<.....z.......##.#
#. #.#
#.#.######@######.##.#
#. #.# #.#.#
#.######.##.# #. #.#
#.#.#
#.>....#.##.#####. #.#
#...#
######............ #.#
##..# ###.#...##### #.#
#..# #..........
#.#####..# ###...#####
#........# ##....#
#######.## ####.##


You could see a wight.

Vanquished Creatures
  Grinder (D:5)
  Edmund (D:4)
  Duvessa (D:4)
  A sky beast (D:4)
  A phantom (D:4)
  An elf zombie (Ossuary)
  A gnoll sergeant (D:5)
  3 scorpions (D:5)
  A burial acolyte (Ossuary)
  Dowan (D:4)
  5 killer bees (D:5)
  2 howler monkeys (D:5)
  2 bombardier beetles
  3 centaur zombies (Ossuary)
  A gnoll bouda (D:5)
  Crazy Yiuf (D:2)
  2 orc priests
  An iguana (D:5)
  Natasha (thrice) (D:4)
  2 orc wizards (D:4)
  A crocodile zombie (Ossuary)
  A hound skeleton (D:4)
  4 hound zombies
  3 mummies (Ossuary)
  Robin (D:4)
  15 gnolls
  10 adders
  A shadow imp (D:5)
  5 adder zombies
  An adder skeleton (D:4)
  3 ribbon worms (D:2)
  A dart slug (D:2)
  8 orcs
  7 ball pythons
  9 endoplasms
  3 giant cockroaches
  16 goblins
  3 hobgoblins
  14 jackals
  4 quokkas
  4 ball python zombies (Ossuary)
  12 bats
  4 frilled lizards
  3 gnoll zombies (Ossuary)
  6 jackal zombies (Ossuary)
  7 kobolds
  4 kobold zombies (Ossuary)
  8 rats
192 creatures vanquished.

Vanquished Creatures (collateral kills)
  A human zombie (Ossuary)
  A spectral scorpion (Ossuary)
  An orc (D:4)
  3 goblins (D:4)
  A jackal (D:4)
  A kobold (D:4)
8 creatures vanquished.

Grand Total: 200 creatures vanquished

Notes
Turn   | Place    | Note
-------+----------+-------------------------------------------
     0 | D:1      | pokeman the Deep Elf Hedge Wizard began the quest for the
                  | Orb.
     0 | D:1      | Reached XP level 1. HP: 10/10 MP: 7/7
   261 | D:1      | Reached XP level 2. HP: 11/15 MP: 1/9
  1009 | D:2      | Reached skill level 5 in Spellcasting
  1050 | D:2      | Reached XP level 3. HP: 18/20 MP: 5/11
  1054 | D:2      | Learned a level 3 spell: Mephitic Cloud
  1057 | D:2      | Learned a level 2 spell: Call Imp
  1060 | D:2      | Learned a level 2 spell: Blink
  1489 | D:2      | Reached skill level 1 in Armour
  1550 | D:2      | Reached skill level 1 in Fighting
  1697 | D:2      | Reached XP level 4. HP: 25/25 MP: 3/13
  2110 | D:2      | Found a runed translucent door.
  2111 | D:2      | Noticed Crazy Yiuf
  2120 | D:2      | Killed Crazy Yiuf
  2121 | D:2      | Reached skill level 6 in Spellcasting
  2121 | D:2      | Reached XP level 5. HP: 14/29 MP: 6/15
  2709 | D:3      | Found Mearch's Book Shop.
  3048 | D:3      | Reached skill level 1 in Air Magic
  3152 | D:3      | Found a faded altar of an unknown god.
  3211 | D:3      | Found an ornate altar of the Wu Jian Council.
  3225 | D:3      | Reached skill level 1 in Alchemy
  3696 | D:4      | Reached XP level 6. HP: 34/34 MP: 15/17
  3705 | D:4      | Noticed Dowan
  3787 | D:4      | Found a bloodstained altar of Trog.
  3795 | D:4      | Noticed Edmund
  3797 | D:4      | Reached skill level 7 in Spellcasting
  3821 | D:4      | Killed Edmund
  3851 | D:4      | Noticed Robin
  3865 | D:4      | Killed Robin
  3951 | D:4      | Noticed Duvessa
  3993 | D:4      | Reached XP level 7. HP: 34/40 MP: 7/20
  4010 | D:4      | Found a sand-covered staircase.
  4024 | D:4      | Reached skill level 8 in Spellcasting
  4026 | Ossuary  | Entered an ossuary
  4804 | Ossuary  | Reached skill level 9 in Spellcasting
  5043 | D:4      | Killed Dowan
  5044 | D:4      | Reached XP level 8. HP: 43/46 MP: 17/23
  5230 | D:4      | Killed Duvessa
  5231 | D:4      | Reached skill level 5 in Conjurations
  5552 | D:4      | Reached skill level 10 in Spellcasting
  5585 | D:4      | Found a stormy altar of Qazlal.
  5700 | D:4      | Noticed Natasha
  5722 | D:4      | Killed Natasha
  5995 | D:4      | Noticed Natasha
  6003 | D:4      | Killed Natasha
  6044 | D:4      | Noticed Natasha
  6052 | D:4      | Killed Natasha
  6086 | D:5      | Entered Level 5 of the Dungeon
  6446 | D:5      | Noticed Grinder
  6524 | D:5      | Killed Grinder
  6525 | D:5      | Reached skill level 11 in Spellcasting
  6678 | D:5      | Reached XP level 9. HP: 19/50 MP: 19/26
  6874 | D:5      | Found Sogateax's Magic Scroll Boutique.
  6880 | D:5      | Bought a scroll of teleportation for 42 gold pieces
  6880 | D:5      | Bought a scroll of teleportation for 42 gold pieces
  6880 | D:5      | Bought a scroll of identify for 28 gold pieces
  6880 | D:5      | Bought a scroll of teleportation for 42 gold pieces
  6880 | D:5      | Bought a scroll of identify for 28 gold pieces
  6880 | D:5      | Bought a scroll of identify for 28 gold pieces
  7397 | D:5      | Slain by a wight

Illustrated notes

Levels and vault maps discovered:
D:1:      matt_arrival_spirals, layout_loops_ring
D:2:      minmay_thinvault, layout_rooms, chequers_serial_rivers_small_a,
          uniq_crazy_yiuf_cottage
D:3:      layout_loops_corners, nzn_wu_jian_contemplation, serial_shops,
          nicolae_shop_window_shopping, hellmonk_ecumenical_altar_dog_temple
D:4:      layout_loops_ring, nicolae_qazlal_beasts_of_the_sky,
          old_standard_altar, mainiacjoe_ossuary_entry_find_the_door,
          corexii_hall_statues_l, uniq_robin, uniq_duvessa, uniq_natasha,
          uniq_edmund
D:5:      layout_loops_ring, serial_shops, nicolae_shop_just_a_little_nook,
          minmay_manual_moon, uniq_grinder
D:6:      layout_basic, minmay_temple_entry_glass, uniq_eustachio

Skill      XL: |  1  2  3  4  5  6  7  8 |
---------------+-------------------------+-----
Spellcasting   | 5 6 7 9 11 | 11.8
Conjurations   | 2 3 4 6 |  6.5
Armour         | 1 3 |  3.0
Fighting       | 1 2 3 |  3.4
Dodging        | 3 |  3.0
Stealth        | 3 |  3.1
Air Magic      | 1 |  1.0
Alchemy        | 1 |  1.1
Summonings     | |  1.1
Translocations | |  1.1

Action                     |  1- 3 |  4- 6 |  7- 9 || total
---------------------------+-------+-------+-------++-------
  Melee: Dagger            |    14 |    76 |   184 ||   274
         Short sword       |    18 |       |       ||    18
         Punch             |     2 |     4 |    11 ||    17
   Cast: Magic Dart        |    77 |   108 |   188 ||   373
         Mephitic Cloud    |     4 |     8 |    25 ||    37
         Call Imp          |       |     4 |    11 ||    15
         Blink             |       |       |     2 ||     2
   Stab: Confused          |     2 |     6 |    11 ||    19
         Sleeping          |       |     1 |     1 ||     2
 Armour: Robe              |    24 |    47 |   118 ||   189
  Dodge: Dodged            |    28 |    59 |   141 ||   228

Table legend: (Time is in decaauts)
 A = Elapsed time spent in this place.
 B = Non-inter-level travel time spent in this place.
 C = Inter-level travel time spent in this place.
 D = Time resting spent in this place.
 E = Time spent auto-exploring this place.
 F = Levels seen in this place.
 G = Mean time per level.
                   A        B        C        D        E       F      G
               +--------+--------+--------+--------+--------+-----+--------+
         Total |   7394 |   7284 |    110 |    251 |   5510 |   7 | 1056.3 |
       Dungeon |   6412 |   6302 |    110 |    217 |   4774 |   6 | 1068.7 |
       Ossuary |    981 |    981 |      0 |     34 |    736 |   1 |  981.0 |
               +--------+--------+--------+--------+--------+-----+--------+

Top non-repeatable levels by time:
     D:2: 1495 daAuts
     D:4: 1428 daAuts
     D:5: 1304 daAuts
     D:3: 1171 daAuts
     D:1: 1005 daAuts
 Ossuary: 981 daAuts
     D:6: 6 daAuts
